Map: Year Zero LE

Players

Sketchaphone

  • Race: Zerg Zerg
  • League: Platinum
  • Spawn Location: 11:00

Writhe - Winner!

  • Race: Terran Terran
  • League: Platinum
  • Spawn Location: 1:00

VOD

Have the link to the VOD?

Description

Time

  • Played on: Feb. 2, 2019, 2:09 p.m.
  • Length: 32:23
Show
View Real Time Build Order
Export as new Build Order

Sketchaphone Zerg 

Build Orders: Hatch First 

Get SALT Encoding   

  12  0:01  Drone  
  13  0:09  Drone  
  14  0:15  Extractor  
  14  0:16  Drone  
  15  0:23  Overlord  
  15  0:42  Drone x2  
  17  0:57  Drone  
  17  1:01  Extractor  
  17  1:02  Hatchery  
  16  1:08  Drone  
  17  1:24  Extractor  
  16  1:27  Drone  
  16  1:28  Spawning Pool  
  16  1:31  Drone  
  17  1:35  Drone  
  17  1:39  Drone  
  20  1:51  Drone  
  21  2:01  Overlord  
  21  2:11  Overlord  
  21  2:17  Queen  
  21  2:18  Queen  
  24  2:23  Zergling x2  
  24  2:28  Metabolic Boost  
  25  2:43  Drone  
  26  2:47  Drone x3  
  29  3:02  Drone x3  
  29  3:04  Overlord  
  32  3:09  Evolution Chamber  
  31  3:14  Drone  
  32  3:32  Drone  
  33  3:40  Overlord  
  33  3:43  Zerg Melee Weapons Level 1  
  33  3:48  Baneling Nest  
  32  3:53  Drone  
  32  3:54  Drone  
  32  3:55  Zergling x8, Hatchery  
  36  4:12  Evolution Chamber  
  35  4:29  Roach Warren  
  35  4:30  Drone x2  
  36  4:32  Lair  
  36  4:33  Drone  
  36  4:36  Zergling x10  
  42  4:50  Queen  
  44  4:54  Drone x2  
  44  4:55  Drone x2  
  44  4:56  Drone x4  
  51  5:22  Drone x9  
  51  5:24  Drone x3  
  62  5:32  Baneling  
  62  5:33  Baneling x8  
  62  5:34  Zergling x6  
  65  5:46  Overlord  
  65  5:47  Overlord  
  65  5:52  Extractor x2  
  65  5:53  Overlord x2, Extractor  
  65  5:56  Zergling x4  
  64  6:04  Queen  
  66  6:12  Drone x2  
  66  6:14  Spore Crawler  
  58  6:34  Hydralisk Den  
  57  6:40  Spore Crawler  
  56  6:49  Spore Crawler x2  
  56  6:53  Spore Crawler  
  51  7:09  Baneling  
  51  7:10  Zergling x4, Baneling x3  
  51  7:11  Zergling x28  
  67  7:18  Queen  
  67  7:26  Zergling x10  
  64  7:43  Drone x2  
  54  8:04  Centrifical Hooks  
  54  8:05  Glial Reconstitution  
  53  8:13  Grooved Spines, Hydralisk x8  
  53  8:15  Overlord x2  
  53  8:16  Drone x3  
  72  8:30  Spore Crawler  
  72  8:32  Drone x6  
  72  8:33  Spore Crawler  
  72  8:34  Drone  
  77  8:38  Baneling x5  
  77  8:39  Baneling x5  
  77  8:44  Overseer  
  77  8:55  Hatchery  
  77  8:56  Drone x3  
  77  8:57  Overlord  
  79  9:05  Roach x2  
  83  9:15  Pneumatized Carapace  
  82  9:43  Hydralisk x3  
  82  9:48  Zerg Ground Armor Level 1  
  82  9:51  Muscular Augments  
  78  9:53  Zerg Missile Weapons Level 1  
  78  9:54  Evolution Chamber, Drone x8  
  78  9:55  Drone  
  78  10:04  Hydralisk x4  
  85  10:11  Hydralisk x2  
  89  10:15  Drone x2  
  89  10:18  Hydralisk  
  93  10:30  Extractor  
  93  10:31  Extractor  
  91  10:44  Drone x15  
  106  10:57  Spire  
  105  11:08  Overlord x2  
  105  11:09  Overlord x2  
  105  11:10  Overlord  
  105  11:13  Overseer  
  105  11:20  Overlord  
  105  11:23  Overlord  
  105  11:28  Queen  
  107  11:36  Infestation Pit  
  105  12:05  Spore Crawler  
  105  12:07  Spore Crawler  
  105  12:08  Overlord x2, Drone x2  
  105  12:11  Mutalisk x11  
  105  12:14  Zergling x14  
  134  12:19  Hive  
  134  12:21  Extractor  
  133  12:23  Extractor  
  132  12:31  Hydralisk x4  
  132  12:36  Hatchery  
  139  12:37  Overseer  
  139  12:40  Hatchery  
  96  13:30  Mutalisk x9  
  96  13:32  Zergling x16  
  114  13:36  Hydralisk  
  117  13:41  Drone  
  117  13:43  Spore Crawler  
  116  13:54  Mutalisk  
  116  13:55  Mutalisk x2  
  116  13:59  Overseer  
  116  14:04  Overlord x3  
  125  14:17  Zergling x18  
  134  14:31  Zergling x10  
  139  14:33  Zerg Ground Armor Level 2  
  139  14:35  Zerg Melee Weapons Level 2, Hatchery  
  125  14:59  Zergling x2  
  114  15:00  Zergling x28  
  114  15:04  Burrow  
  114  15:06  Hydralisk  
  122  15:25  Drone x11  
  133  15:31  Baneling x20  
  133  15:32  Baneling x14  
  133  15:34  Zergling x8  
  137  15:44  Drone x5  
  142  16:17  Zergling x46  
  165  16:22  Overlord  
  141  17:04  Zergling x14  
  141  17:05  Zergling x24  
  156  17:12  Zergling x2  
  128  17:28  Zergling x22  
  138  17:33  Zerg Melee Weapons Level 3  
  138  17:34  Adrenal Glands  
  132  17:42  Baneling x4  
  132  17:43  Overlord, Baneling x18  
  124  17:44  Zergling x12  
  124  17:51  Queen, Extractor  
  130  17:53  Extractor  
  119  18:15  Zergling x8  
  119  18:16  Zergling x28  
  136  18:21  Baneling  
  136  18:22  Baneling x9  
  136  18:29  Hydralisk x5  
  118  18:51  Baneling x25  
  118  18:52  Baneling x5  
  118  18:53  Hydralisk x17  
  152  18:59  Zergling x2  
  153  19:05  Hydralisk  
  153  19:09  Lurker Den, Zergling x18  
  161  19:13  Overseer  
  161  19:14  Overseer  
  161  19:17  Hydralisk  
  161  19:18  Hydralisk x6  
  169  19:52  Hydralisk x17  
  162  19:58  Roach  
  140  20:10  Roach x2  
  156  20:21  Drone x6  
  162  20:26  Drone x6  
  168  20:43  Extractor  
  168  20:44  Overlord x2  
  168  20:45  Extractor  
  166  20:54  Queen  
  168  21:00  Hatchery  
  131  21:19  Zergling x42  
  131  21:20  Zergling x2  
  131  21:21  Zergling x2  
  136  21:26  Roach  
  136  21:27  Roach x2  
  136  21:32  Zergling x10  
  144  21:53  Zergling x14  
  144  21:54  Zergling x14  
  128  22:05  Zergling x12  
  129  22:09  Zergling x2  
  117  22:47  Zergling x42  
  138  23:02  Mutalisk x7  
  138  23:04  Overlord x3  
  138  23:05  Overlord  
  152  23:07  Overlord x4  
  152  23:13  Baneling  
  152  23:14  Baneling x24  
  152  23:18  Overlord  
  152  23:19  Zergling x2  
  153  23:22  Drone x2  
  113  24:03  Zergling x46  
  113  24:05  Zergling x2  
  132  24:19  Zergling x6, Hatchery  
  132  24:20  Zergling x12  
  140  24:27  Corruptor x7  
  153  24:33  Hydralisk  
  154  24:44  Baneling x24  
  154  24:45  Baneling x18  
  152  24:46  Zergling x18  
  152  24:49  Roach x3  
  152  24:50  Roach  
  166  24:58  Spore Crawler x2  
  163  25:00  Extractor x2  
  163  25:02  Corruptor x7  
  168  25:18  Zergling x2  
  168  25:19  Zergling x24  
  168  25:20  Baneling x10  
  168  25:21  Baneling x8  
  166  25:29  Roach x5  
  172  25:45  Zergling x26  
  150  26:26  Corruptor x4  
  150  26:27  Corruptor x17  
  180  26:36  Zergling x6  
  178  26:45  Corruptor  
  178  26:46  Corruptor x5  
  177  26:51  Zergling x10  
  153  27:02  Drone  
  154  27:20  Roach  
  154  27:21  Roach x15  
  186  27:39  Greater Spire  
  186  27:45  Drone x14  
  164  28:44  Roach x5  
  164  28:49  Zergling x12  
  170  28:55  Zergling x2  
  170  28:56  Roach x10, Zergling x12  
  170  28:57  Roach  
  199  29:07  Zergling x2  
  200  29:13  Hydralisk  
  200  29:16  Hydralisk  
  198  29:17  Hydralisk x3  
  198  29:22  Baneling x6  
  198  29:23  Baneling x16  
  190  29:42  Brood Lord x6  
  190  29:43  Brood Lord x3, Corruptor x2  
  177  30:16  Hydralisk x13  
  177  30:21  Hatchery  
  194  30:43  Hydralisk  
  194  30:44  Hydralisk x2  
  194  30:49  Hydralisk  
  184  30:57  Zergling x22  
  89  31:22  Zergling x32  
  103  31:30  Baneling x2  
  98  31:34  Baneling x5  
  98  31:35  Baneling x5  
  86  31:49  Baneling  
  86  31:50  Baneling x11  
Show
View Real Time Build Order
Export as new Build Order

Writhe Terran - Winner!

Build Orders:  

Get SALT Encoding   

  12  0:10  SCV  
  13  0:22  SCV  
  13  0:24  Supply Depot  
  14  0:35  SCV  
  15  0:38  Refinery  
  15  0:47  SCV  
  15  0:49  Barracks  
  16  0:59  SCV  
  17  1:11  SCV  
  17  1:14  Supply Depot  
  18  1:18  Barracks  
  18  1:33  SCV  
  18  1:39  Reaper  
  20  1:48  Refinery  
  20  1:53  Orbital Command  
  20  2:09  Factory  
  20  2:11  Supply Depot  
  20  2:15  Marine  
  21  2:21  SCV  
  22  2:27  Marine  
  23  2:34  SCV  
  24  2:40  Marine  
  25  2:45  Marine  
  25  2:46  SCV  
  27  2:58  SCV  
  28  3:06  Starport  
  28  3:09  Starport  
  28  3:10  Widow Mine, SCV  
  28  3:11  Marine  
  32  3:28  Engineering Bay  
  32  3:43  SCV  
  32  3:46  Starport Tech Lab  
  32  3:47  Starport Tech Lab  
  33  3:49  Marine x2  
  33  3:50  Hellion  
  37  4:13  Command Center  
  37  4:30  Supply Depot  
  37  4:34  Banshee, Cloaking Field  
  40  4:51  Widow Mine  
  42  4:53  Banshee  
  44  5:01  Barracks Tech Lab  
  44  5:08  Barracks Reactor  
  44  5:17  Banshee  
  39  5:29  Marine  
  38  5:36  Banshee  
  38  5:37  Planetary Fortress  
  41  5:45  Marine x2  
  41  5:47  Factory Tech Lab, Marine  
  41  5:48  Terran Infantry Weapons Level 1  
  44  5:51  Missile Turret  
  44  5:55  SCV  
  45  6:03  Medivac  
  47  6:07  SCV  
  45  6:19  SCV  
  42  6:28  Banshee  
  44  6:33  SCV x2  
  46  6:40  Marine x2  
  48  6:54  Siege Tank  
  51  6:55  Marine  
  51  6:56  Supply Depot  
  51  6:57  Supply Depot  
  51  6:58  Marine  
  52  7:13  SCV x2  
  52  7:14  Refinery x2  
  54  7:25  SCV  
  54  7:26  SCV  
  54  7:27  Marine x3  
  54  7:29  Siege Tank  
  62  7:37  SCV  
  62  7:39  Supply Depot, SCV  
  62  7:40  Supply Depot  
  64  7:45  Marine x2  
  64  7:49  SCV  
  64  7:51  SCV  
  68  7:53  Supply Depot  
  68  8:02  SCV  
  68  8:03  Viking x2  
  73  8:09  SCV  
  73  8:12  Marine x2  
  75  8:13  Stimpack  
  76  8:29  Marine  
  76  8:30  Marine x2  
  79  8:43  SCV x2, Command Center  
  81  8:57  SCV x2  
  81  8:59  Liberator  
  83  9:10  Missile Turret  
  83  9:11  Bunker  
  83  9:15  Raven, Supply Depot  
  88  9:24  Armory  
  88  9:41  Supply Depot  
  88  10:13  Hyperflight Rotors  
  88  10:14  SCV x2  
  90  10:15  Siege Tank  
  90  10:16  Marine x3  
  96  10:23  SCV  
  96  10:26  Terran Vehicle Weapons Level 1, Missile Turret  
  96  10:28  Terran Infantry Armor Level 1  
  97  10:33  Marine  
  97  10:34  Barracks  
  98  10:36  Barracks  
  98  10:42  Command Center  
  98  10:48  Planetary Fortress  
  98  10:53  SCV  
  99  11:05  SCV x2  
  101  11:17  SCV  
  101  11:18  Refinery, Marine x2, SCV  
  105  11:19  Command Center  
  105  11:20  Refinery  
  105  11:26  Supply Depot  
  105  11:29  Marine, SCV x2  
  105  11:30  SCV  
  109  11:35  Marine x2  
  111  11:48  Supply Depot  
  108  12:03  Marine, Siege Tank  
  108  12:04  Marine  
  108  12:06  Barracks Reactor x2  
  113  12:13  Planetary Fortress  
  113  12:17  Refinery x2  
  113  12:18  Missile Turret  
  113  12:19  Supply Depot  
  113  12:20  Liberator x2  
  113  12:25  Factory  
  113  12:26  Supply Depot  
  113  12:27  Supply Depot  
  113  12:29  Fusion Core, Factory  
  113  12:32  Terran Ship Weapons Level 1  
  113  12:33  Terran Infantry Weapons Level 2  
  113  12:34  Corvid Reactor  
  119  12:47  SCV  
  119  12:51  Supply Depot  
  120  12:53  SCV x2  
  122  12:59  SCV  
  123  13:11  SCV  
  118  13:17  Marine x2  
  118  13:18  Widow Mine x3  
  117  13:33  Missile Turret  
  115  13:43  Missile Turret  
  115  13:47  SCV  
  114  14:02  Missile Turret  
  114  14:05  Missile Turret  
  114  14:07  Bunker  
  114  14:08  Supply Depot  
  114  14:13  Marine x6  
  114  14:14  Marine  
  121  14:22  Medivac  
  123  14:37  Missile Turret x2  
  122  14:49  Hi-Sec Auto Tracking  
  118  15:03  Medivac  
  118  15:04  Medivac  
  118  15:06  Missile Turret  
  122  15:08  Missile Turret  
  122  15:12  Marine x6  
  122  15:13  Marine  
  129  15:19  Weapon Refit  
  129  15:20  Terran Ship Weapons Level 2  
  129  15:22  Factory Tech Lab x2  
  129  15:24  Thor  
  135  15:30  Marine x4  
  135  15:31  Planetary Fortress  
  135  15:33  SCV  
  135  15:34  SCV  
  141  15:36  SCV  
  142  15:44  Marine x2, SCV  
  142  15:45  Marine  
  142  15:46  SCV x2  
  142  15:48  SCV  
  149  15:52  Combat Shield, Marine x2  
  150  16:02  Sensor Tower  
  150  16:07  Thor  
  156  16:18  SCV x5  
  161  16:30  SCV x3  
  163  16:35  Thor x2  
  160  17:21  Command Center  
  154  17:44  Refinery  
  154  17:46  Refinery  
  154  17:47  Missile Turret  
  154  17:48  Missile Turret  
  154  17:52  Thor  
  154  17:53  Thor x2  
  170  18:21  Marine x6  
  170  18:24  Battlecruiser x2  
  188  18:35  Planetary Fortress  
  188  18:37  Missile Turret  
  188  18:41  Missile Turret  
  173  18:51  Command Center  
  173  18:55  Terran Infantry Weapons Level 3  
  173  18:56  Smart Servos  
  173  18:58  Concussive Shells  
  173  18:59  Marauder, Marine x4  
  173  19:00  Marine x2  
  181  19:03  Terran Vehicle And Ship Armor Level 1  
  181  19:06  SCV x3  
  184  19:18  SCV x3  
  184  19:22  Missile Turret  
  186  19:43  Bunker  
  143  20:04  Banshee x2  
  149  20:15  Marine x6  
  149  20:16  Marine  
  149  20:18  SCV  
  157  20:30  SCV  
  157  20:32  Marine  
  157  20:33  Marine x2  
  161  20:38  Siege Tank, Thor  
  161  20:39  Thor  
  176  20:43  Engineering Bay  
  176  20:44  Armory  
  176  20:47  Viking x2  
  176  20:49  Orbital Command  
  180  20:59  Marine x4  
  180  21:00  Marine  
  185  21:17  Medivac, Banshee  
  171  21:42  Rapid Reignition System  
  171  21:46  Terran Infantry Armor Level 2  
  171  21:47  Banshee, Terran Vehicle And Ship Armor Level 2, Terran Ship Weapons Level 3  
  154  21:57  Marine x2  
  154  21:58  Marine x5  
  154  22:00  Banshee  
  156  22:13  Liberator  
  156  22:15  Marine  
  156  22:16  Infernal Pre-Igniter  
  154  22:35  Marine x2  
  159  22:43  Raven  
  155  22:55  Marine x3  
  155  22:56  Marine  
  159  22:58  Refinery, Command Center  
  159  22:59  Hellbat  
  159  23:00  Hellbat x2, Refinery  
  159  23:01  Missile Turret, Mag-Field Accelerator  
  159  23:04  Command Center  
  165  23:08  Refinery  
  165  23:13  Battlecruiser  
  171  23:21  Hellbat x2  
  171  23:26  Battlecruiser  
  181  23:27  Refinery  
  181  23:29  Marine x7  
  181  23:31  SCV  
  189  23:46  Marine x2  
  189  23:47  Ghost Academy, Marine x5  
  167  24:18  Missile Turret  
  167  24:19  Missile Turret  
  167  24:20  Missile Turret  
  164  24:31  SCV x2  
  165  24:33  Missile Turret  
  165  24:35  Missile Turret  
  165  24:37  Planetary Fortress  
  166  24:39  Neosteel Armor, Terran Vehicle Weapons Level 2  
  166  24:40  Terran Vehicle And Ship Armor Level 3  
  166  24:52  Command Center  
  165  24:55  Banshee x2  
  165  24:57  Planetary Fortress  
  171  25:04  Starport  
  171  25:08  Starport  
  171  25:27  Orbital Command  
  171  25:42  Command Center  
  171  25:51  SCV x4  
  175  25:59  Starport Tech Lab  
  175  26:00  Starport  
  175  26:03  Starport Tech Lab  
  175  26:05  Starport  
  175  26:06  Terran Infantry Armor Level 3, Planetary Fortress  
  167  26:30  Orbital Command  
  145  27:12  Planetary Fortress  
  145  27:18  SCV x5  
  150  27:23  Starport Tech Lab  
  150  27:28  Starport Tech Lab  
  165  27:30  SCV x2  
  165  27:31  Viking x4  
  154  27:52  Command Center  
  154  27:57  Thor  
  154  27:58  Siege Tank x2  
  166  27:59  Marine x6  
  166  28:01  Viking x3  
  175  28:08  Thor x2  
  173  28:30  Hellion  
  175  28:45  Viking x5  
  175  28:46  Viking  
  175  28:48  Thor x2  
  199  29:06  Marine  
  200  29:32  Thor x5  
  200  29:37  Command Center  
  192  30:21  Marine x4  
  196  30:30  Missile Turret  
  196  30:45  Thor x4  
  177  31:18  Marine x6  
  178  31:19  Marine  
  178  31:20  Thor  
  178  31:21  Hellion, Siege Tank  
  195  31:36  Marine  
  198  32:10  Missile Turret  
  198  32:13  Missile Turret  
  192  32:16  Missile Turret  
Tags
 
Matchup
TvZ
Replay Pack
init
Spawn Locations
Close Positions
Add a new tag
Caveats
  • Supply blocks, unpowered buildings, or Contaminate may cause inaccurate times.
  • Supply counts are checked every 10 seconds.